 Dungeon Crawl Stone Soup version 0.27-a0-1137-g3ef0f4ec91 (webtiles) character file.

Game seed: 10467461043392711306

691 reriks the Sneak (level 7, -1/41 HPs)
             Began as an Octopode Hedge Wizard on May 6, 2021.
             Slain by an orc priest
             ... wielding a +0 war axe
              (7 damage)
             ... on level 4 of the Dungeon.
             The game lasted 00:16:08 (9100 turns).

reriks the Sneak (Octopode Hedge Wizard)            Turns: 9100, Time: 00:16:08

Health: -1/41      AC:  1    Str: 10    XL:     7   Next: 63%
Magic:  4/13       EV: 14    Int: 18    God:
Gold:   127        SH:  0    Dex: 11    Spells: 5/14 levels left

rFire    . . .     SeeInvis .   l - +9 war axe "Xypufire" {flame, rN+}
rCold    . . .     Faith    .   (no shield)
rNeg     + . .     Spirit   .   b - +0 hat
rPois    .         Reflect  .   (no amulet)
rElec    .         Harm     .   (no ring)
rCorr    .         Rampage  .   (no ring)
Will     .....                  (no ring)
Stlth    ++++......             (no ring)
HPRegen  0.13/turn              (no ring)
MPRegen  0.13/turn              (no ring)
                                (no ring)
                                (no ring)

@: no status effects
A: almost no armour, amphibious, 8 rings, camouflage 1, gelatinous body 1,
(nimble swimmer 1), tentacles
a: no special abilities


You were on level 4 of the Dungeon.
You visited 1 branch of the dungeon, and saw 4 of its levels.

You collected 127 gold pieces.

Inventory:

Hand Weapons
 a - a +0 dagger
 g - a +0 short sword
 l - the +9 war axe "Xypufire" (weapon) {flame, rN+}
   (You found it on level 4 of the Dungeon)

   It has been specially enchanted to burn those struck by it, causing extra
   injury to most foes and up to half again as much damage against particularly
   susceptible opponents.
   Big, fiery blades are also staple armaments of hydra-hunters.
   It protects you from negative energy.
Armour
 b - a +0 hat (worn)
Wands
 n - a wand of flame (17)
Scrolls
 f - a scroll of acquirement {unknown}
 i - 2 scrolls of fog
 j - 2 scrolls of identify {unknown}
 m - 2 scrolls of noise {unknown}
 o - a scroll of enchant armour {unknown}
Potions
 c - a potion of heal wounds
 d - 2 potions of degeneration {unknown}
 e - 2 potions of curing
 h - a potion of mutation {unknown}
 k - a potion of lignification {unknown}
 p - a potion of flight {unknown}


   Skills:
 + Level 4.0 Dodging
 + Level 5.6 Stealth
 + Level 4.3 Spellcasting
 + Level 3.4 Conjurations
 - Level 1.0 Summonings
 - Level 3.3 Translocations
 + Level 1.8 Fire Magic
 + Level 0.0 Air Magic
 + Level 0.0 Poison Magic


You had 5 spell levels left.
You knew the following spells:

 Your Spells              Type           Power      Damage    Failure   Level
a - Magic Dart            Conj           64%        1d6       3%          1
b - Blink                 Tloc           N/A        N/A       5%          2
c - Mephitic Cloud        Conj/Pois/Air  8%         N/A       26%         3
d - Conjure Flame         Conj/Fire      13%        6-21      14%         3

Your spell library contained the following spells:

 Spells                   Type           Power      Damage    Failure   Level
 Call Imp                 Summ           7%         N/A       14%         2
 Slow                     Hex            3%         N/A       22%         2


Dungeon Overview and Level Annotations

Branches:
Dungeon (4/15)
 Temple: D:4-7

Altars:
Cheibriados
Trog
Uskayaw


Innate Abilities, Weirdness & Mutations

You cannot wear most types of armour.
You are amphibious.
You can wear up to eight rings at the same time.
Your skin changes colour to match your surroundings (Stealth+).
Your rubbery body absorbs attacks. (AC +1, EV +1)
((You are camouflaged near water. (Stealth+)))
You have tentacles for arms and can constrict up to eight enemies at once.


Message History

Aiming: Magic Dart (safe; 3% risk of failure)
Press: ? - help, Shift-Dir - straight line, f/p - orc priest
Aim: an orc priest, wielding a +0 war axe and wearing a +0 leather armour (heavily wounded, 100% to hit)
The magic dart hits the orc priest but does no damage.
The orc priest is heavily wounded.
Casting: Magic Dart (safe; 3% risk of failure)
Confirm with . or Enter, or press ? or * to list all spells.
Aiming: Magic Dart (safe; 3% risk of failure)
Press: ? - help, Shift-Dir - straight line, f/p - orc priest
Aim: an orc priest, wielding a +0 war axe and wearing a +0 leather armour (heavily wounded, 100% to hit)
The magic dart hits the orc priest.
The orc priest is heavily wounded.
Casting: Magic Dart (safe; 3% risk of failure)
Confirm with . or Enter, or press ? or * to list all spells.
Aiming: Magic Dart (safe; 3% risk of failure)
Press: ? - help, Shift-Dir - straight line, f/p - orc priest
Aim: an orc priest, wielding a +0 war axe and wearing a +0 leather armour (heavily wounded, 100% to hit)
The magic dart hits the orc priest.
The orc priest is heavily wounded.
The orc priest hits you with a +0 war axe.
Casting: Magic Dart (safe; 3% risk of failure)
Confirm with . or Enter, or press ? or * to list all spells.
Aiming: Magic Dart (safe; 3% risk of failure)
Press: ? - help, Shift-Dir - straight line, f/p - orc priest
Aim: an orc priest, wielding a +0 war axe and wearing a +0 leather armour (heavily wounded, 100% to hit)
The magic dart hits the orc priest but does no damage.
The orc priest is heavily wounded.
The orc priest hits you with a +0 war axe.
You barely miss the orc priest. Your grab misses the orc priest.
Your squeeze misses the orc priest.
The orc priest is heavily wounded.
The orc priest hits you with a +0 war axe!
The orc priest mumbles some strange prayers to Beogh against you.
Beogh smites you!
* * * LOW HITPOINT WARNING * * *
You hit the orc priest. You burn the orc priest.
Your grab misses the orc priest.
The orc priest is severely wounded.
The orc priest hits you with a +0 war axe!
You die...

#,,..,).)..........#####..P.####.
#,.,*,##.......>.........P.......
.....,##..........######8...####.
#....,....8......................
**,##*#...........##############.
*,* *#............§§§§...# #. *,*
#..!....Z####.§§§...# #. *,*
#.####..o####§§§≈≈P.# #. *,* *,*
#...@..#≈§≈§..######.
*,*****,####..#.....≈≈≈≈.§.§§...
*,,,,,,,........#.#.≈.≈≈§.8§§.#.
*******,#########.#......#§§PP#.
*,* #.########§§§8#. *,*
###.########.§§... ### *,*
#............#...# ..# **,*
#.#.##########...# ..# *..*
#.#.############.#


You could see an orc priest and a centaur skeleton.

Vanquished Creatures
  A black bear (D:4)
  2 jellies (D:4)
  A centaur zombie (D:4)
  2 bullfrog zombies (D:4)
  A hound (D:3)
  2 bullfrog skeletons (D:4)
  A centaur skeleton (D:4)
  An iguana (D:4)
  A scorpion zombie (D:4)
  2 orc wizards
  3 hound zombies (D:4)
  3 hound skeletons (D:4)
  4 adders
  2 adder skeletons (D:4)
  4 adder zombies (D:4)
  2 dart slugs
  7 orcs
  6 endoplasms
  2 giant cockroaches
  9 hobgoblins
  4 jackals (D:3)
  3 quokkas
  4 ball pythons
  4 bats
  5 frilled lizards
  4 goblins
  2 jackal skeletons (D:4)
  6 kobolds
  9 rats
97 creatures vanquished.

Vanquished Creatures (others)
  16 withered plants (D:4)
16 creatures vanquished.

Grand Total: 113 creatures vanquished

Notes
Turn   | Place    | Note
-------+----------+-------------------------------------------
     0 | D:1      | reriks the Octopode Hedge Wizard began the quest for the
                  | Orb.
     0 | D:1      | Reached XP level 1. HP: 11/11 MP: 4/4
   569 | D:1      | Reached XP level 2. HP: 17/17 MP: 0/6
   628 | D:1      | Reached skill level 3 in Stealth
  1417 | D:2      | Reached XP level 3. HP: 21/21 MP: 1/7
  1475 | D:2      | Learned a level 2 spell: Blink
  3125 | D:4      | Found a snail-covered altar of Cheibriados.
  3141 | D:4      | Noticed a black bear
  3150 | D:4      | Learned a level 3 spell: Mephitic Cloud
  3206 | D:4      | Identified the +9 war axe "Xypufire" {flame, rN+}
  3697 | D:4      | Killed a black bear
  3698 | D:4      | Reached skill level 4 in Stealth
  3698 | D:4      | Reached XP level 4. HP: 15/27 MP: 1/9
  3698 | D:4      | Reached XP level 5. HP: 18/31 MP: 1/10
  4311 | D:4      | Learned a level 3 spell: Conjure Flame
  4316 | D:4      | Noticed a hornet
  5197 | D:3      | Reached XP level 6. HP: 36/36 MP: 5/11
  6461 | D:3      | Found a faded altar of an unknown god.
  6536 | D:3      | Found a hide-covered altar of Uskayaw.
  7251 | D:4      | Reached skill level 5 in Stealth
  7590 | D:4      | Reached skill level 1 in Fire Magic
  7699 | D:4      | Reached XP level 7. HP: 26/41 MP: 8/13
  8474 | D:4      | Found a bloodstained altar of Trog.
  9100 | D:4      | Slain by an orc priest

Illustrated notes

Levels and vault maps discovered:
D:1:      erik_arrival_orb_chamber, layout_loops_ring, st_stairs_12
D:2:      layout_rooms, minmay_misc_feat_secret_circle
D:3:      kennysheep_six_static_rooms, layout_basic, marbit_many_paths,
          serial_glass, glass_columns_a, glass_columns_b, glass_columns_c,
          glass_columns_a, glass_columns_b, glass_columns_b,
          basic_ecumenical_altar, grunt_ministairs_4
D:4:      layout_loops_ring, kennysheep_slug_shrine, kennysheep_mini,
          lemuel_coloured_pillars_altar, serial_undead, serial_undead_d,
          serial_undead_e, serial_undead_e, serial_undead_e, serial_undead_d,
          serial_undead_f, serial_undead_e, serial_undead_b, serial_undead_f,
          serial_undead_c

Skill      XL: |  1  2  3  4  5  6  7 |
---------------+----------------------+-----
Stealth        | 3 4 5 |  5.6
Conjurations   | 2 3 |  3.4
Translocations | 2 3 |  3.3
Dodging        | 3 4 |  4.0
Spellcasting   | 4 |  4.3
Fire Magic     | 1 |  1.8
Summonings     | |  1.0

Action                   |  1- 3 |  4- 6 |  7- 9 || total
-------------------------+-------+-------+-------++-------
Melee: Dagger            |    16 |     1 |       ||    17
       Constrict         |     2 |     4 |     1 ||     7
       Tentacles         |     4 |     2 |     1 ||     7
       War axe           |       |    14 |     6 ||    20
 Cast: Magic Dart        |   139 |   166 |    54 ||   359
       Blink             |     1 |     2 |       ||     3
       Conjure Flame     |       |     3 |     7 ||    10
  Use: Potion            |     1 |     2 |       ||     3
       Scroll            |       |     3 |     1 ||     4
Armor: Skin              |       |     5 |     2 ||     7
Dodge: Dodged            |    45 |    72 |     4 ||   121

Table legend: (Time is in decaauts)
 A = Elapsed time spent in this place.
 B = Non-inter-level travel time spent in this place.
 C = Inter-level travel time spent in this place.
 D = Time resting spent in this place.
 E = Time spent auto-exploring this place.
 F = Levels seen in this place.
 G = Mean time per level.
                   A        B        C        D        E       F      G
               +--------+--------+--------+--------+--------+-----+--------+
         Total |   9122 |   8912 |    210 |   5657 |   1546 |   4 | 2280.5 |
       Dungeon |   9122 |   8912 |    210 |   5657 |   1546 |   4 | 2280.5 |
               +--------+--------+--------+--------+--------+-----+--------+

Top non-repeatable levels by time:
     D:4: 3352 daAuts
     D:3: 2950 daAuts
     D:1: 1558 daAuts
     D:2: 1260 daAuts
